 Dungeon Crawl Stone Soup version 0.30-a0-567-gf7fd966b4a (webtiles) character file.

Game seed: 12741065016676860636

11445 kipponium the Nimble (level 11, -1/84 HPs)
             Began as a Gnoll Wanderer on Dec 28, 2022.
             Was a Priest of Okawaru.
             Slain by an orc warrior
             ... wielding a +0 trident
              (9 damage)
             ... on level 10 of the Dungeon.
             The game lasted 01:08:46 (15479 turns).

kipponium the Nimble (Gnoll Wanderer)              Turns: 15479, Time: 01:08:47

Health: -1/84      AC: 10    Str:  8    XL:     11   Next: 77%
Magic:  13/22      EV: 15    Int: 21    God:    Okawaru [***...]
Gold:   841        SH:  5    Dex: 13    Spells: 14/25 levels left

rFire   . . .      SeeInvis +    r - +6 rapier "Raosou Coro" {heavy, +Blink Str-3 Stlth+}
rCold   + . .      Faith    +    y - +0 buckler
rNeg    . . .      Spirit   .    s - +2 leather armour {rC+}
rPois   .          Reflect  .    b - +0 helmet
rElec   .          Harm     .    i - +1 cloak
rCorr   .          Rampage  .    (no gloves)
Will    .....                    t - +0 pair of boots
Stlth   ++++                     I - amulet of faith
HPRegen 0.34/turn                k - ring of see invisible
MPRegen 0.18/turn                u - +6 ring of intelligence

@: about to teleport, very slightly contaminated
A: fangs 1, strong nose, distributed training
a: Renounce Religion, Evoke Blink, Heroism


You were on level 10 of the Dungeon.
You worshipped Okawaru.
Okawaru was most pleased with you.
You visited 2 branches of the dungeon, and saw 11 of its levels.
You also visited: Sewer and Bailey.

You collected 841 gold pieces.

Inventory:

Hand Weapons
 e - a +4 spectral hand axe
 r - the +6 rapier "Raosou Coro" (weapon) {heavy, +Blink Str-3 Stlth+}
   (You found it on level 10 of the Dungeon)

   It deals dramatically more damage, but attacks with it are much slower.
   Str:       It affects your strength (-3).
   +Blink:    It lets you blink.
   Stlth:     It makes you more stealthy.
Missiles
 O - 25 poisoned darts (quivered)
Armour
 b - a +0 helmet (worn)
 i - a +1 cloak (worn)
 s - a +2 leather armour of cold resistance (worn)
 t - a +0 pair of boots (worn)
 w - an orb of energy
 y - a +0 buckler (worn)
Jewellery
 k - a ring of see invisible (left hand)
 l - a ring of resist corrosion
 q - a ring of ice
 u - a +6 ring of intelligence (right hand)
 B - the ring "Xuckef Hieri" {rF+++ rN+ rCorr MP+9 Str-4}
   (You acquired it on level 7 of the Dungeon)

   [ring of positive energy]

   Str:       It affects your strength (-4).
   rF:        It renders you almost immune to fire.
   rN:        It protects you from negative energy.
   MP:        It affects your magic capacity (+9).
   rCorr:     It protects you from acid and corrosion.
 I - an amulet of faith (around neck)
 U - an amulet of magic regeneration
Wands
 z - a wand of polymorph (8)
 P - a wand of flame (14)
 S - a wand of roots (15)
Scrolls
 c - 5 scrolls of vulnerability
 d - a scroll of amnesia
 g - 4 scrolls of teleportation
 h - a scroll of blinking
 j - a scroll of fear
 o - 2 scrolls of poison
 p - a scroll of enchant weapon
 D - 2 scrolls of magic mapping
 F - 2 scrolls of enchant armour
 G - a scroll of immolation
Potions
 a - a potion of mutation {unknown}
 f - 4 potions of magic {unknown}
 m - 3 potions of attraction {unknown}
 n - a potion of lignification
 v - 4 potions of ambrosia
 x - a potion of flight
 A - 3 potions of brilliance
 E - 2 potions of cancellation
 J - a potion of experience {unknown}
 K - a potion of haste
 M - a potion of resistance
 Q - a potion of might
Miscellaneous
 N - a lightning rod (3/4)


   Skills:
 + Level 7.4 Fighting
 + Level 6.8 Short Blades
 + Level 6.8 Long Blades
 + Level 8.3 Axes
 + Level 6.8 Maces & Flails
 + Level 6.8 Polearms
 + Level 6.8 Staves
 + Level 6.8 Ranged Weapons
 + Level 6.8 Throwing
 + Level 6.8 Armour
 + Level 9.6 Dodging
 + Level 6.8 Stealth
 + Level 6.8 Shields
 + Level 6.8 Unarmed Combat
 + Level 7.5 Spellcasting
 + Level 5.7 Conjurations
 + Level 5.7 Hexes
 + Level 5.7 Summonings
 + Level 5.7 Necromancy
 + Level 5.7 Translocations
 + Level 5.7 Transmutations
 + Level 5.7 Fire Magic
 + Level 5.7 Ice Magic
 + Level 5.7 Air Magic
 + Level 6.1 Earth Magic
 + Level 5.7 Poison Magic
 + Level 8.0 Invocations
 + Level 7.4 Evocations


You had 14 spell levels left.
You knew the following spells:

 Your Spells              Type           Power      Damage    Failure   Level
a - Sandblast             Erth           66%        2d15      1%          1
b - Summon Small Mammal   Summ           100%       N/A       1%          1
c - Stone Arrow           Conj/Erth      64%        3d11      3%          3
e - Dazzling Flash        Conj/Hex       62%        N/A       4%          3
f - Vampiric Draining     Necr           31%        2d8       4%          3

Your spell library contained the following spells:

 Spells                   Type           Power      Damage    Failure   Level
 Kiss of Death            Conj/Necr      100%       2d13      1%          1
 Slow                     Hex            100%       N/A       1%          1
 Confusing Touch          Hex            31%        N/A       4%          3
 Frozen Ramparts          Ice            62%        1d10      4%          3
 Dispel Undead            Necr           31%        3d14      14%         4
 Ice Form                 Ice/Tmut       31%        N/A       14%         4
 Agony                    Necr           31%        N/A       36%         5
 Silence                  Hex/Air        15%        N/A       36%         5
 Call Canine Familiar     Summ           Unusable   N/A       N/A         3
 Summon Guardian Golem    Hex/Summ       Unusable   N/A       N/A         3
 Summon Ice Beast         Ice/Summ       Unusable   N/A       N/A         4
 Summon Forest            Summ/Tloc      Unusable   N/A       N/A         5
 Summon Mana Viper        Hex/Summ       Unusable   N/A       N/A         5
 Summon Cactus Giant      Summ           Unusable   N/A       N/A         6

Dungeon Overview and Level Annotations

Branches:
Dungeon (10/15)            Temple (1/1) D:6            Lair (0/5) D:10
    Orc (0/2) D:10          Sewer (visited)          Bailey (visited)

Altars:
Ashenzari
Cheibriados
Dithmenos
Elyvilon
Fedhas
Gozag
Hepliaklqana
Kikubaaqudgha
Makhleb
Nemelex Xobeh
Okawaru
Qazlal
Ru
Sif Muna
Trog
Uskayaw
Vehumet
Wu Jian
Xom
Yredelemnul
Zin

Shops:
D:8 (

Portals:
Trove: D:10 (give 5 scrolls of fear)

Annotations:
D:5 1 runed translucent door, Athor's ghost, novice FoFi
D:7 2 transporters
D:10 Sonja


Innate Abilities, Weirdness & Mutations

You have very sharp teeth.
Your uncanny sense of smell can sniff out nearby items.
Your experience applies equally to all skills.


Message History

The orc warrior hits you but does no damage.
The warg bites you!
The orc warrior hits you from afar with a +0 glaive!
As you read the scroll of teleportation, it crumbles to dust.
You feel strangely unstable. The warg bites you!
* * * LOW HITPOINT WARNING * * *
You block the orc warrior's attack. x2; The warg bites you but does no damage.
Casting: Dazzling Flash (mildly dangerous; 4% risk of failure)
Confirm with . or Enter, or press ? or * to list all spells.
Aiming: Vampiric Draining (mildly dangerous; 4% risk of failure)
Press: ? - help, Shift-Dir - straight line, f - warg
Aim: a warg (lightly wounded)
You draw life force from the warg.
You feel life coursing into your body. The gargoyle hits you with a +0 mace!
* * * LOW HITPOINT WARNING * * *
The orc warrior closely misses you. You block the warg's attack.
The orc warrior hits you from afar with a +0 trident.
* * * LOW HITPOINT WARNING * * *
Casting: Vampiric Draining (mildly dangerous; 4% risk of failure)
Confirm with . or Enter, or press ? or * to list all spells.
Aiming: Vampiric Draining (mildly dangerous; 4% risk of failure)
Press: ? - help, Shift-Dir - straight line, f/p - warg
Aim: a warg (moderately wounded)
You miscast Vampiric Draining.
You are very lightly contaminated with residual magic.
Nothing appears to happen.
The warg completely misses you. The orc warrior misses you.
You block the gargoyle's attack.
The orc warrior hits you from afar with a +0 trident.
* * * LOW HITPOINT WARNING * * *
Casting: Vampiric Draining (mildly dangerous; 4% risk of failure)
Confirm with . or Enter, or press ? or * to list all spells.
Aiming: Vampiric Draining (mildly dangerous; 4% risk of failure)
Press: ? - help, Shift-Dir - straight line, f/p - warg
Aim: a warg (moderately wounded)
You draw life force from the warg!
You feel life coursing into your body! The warg bites you but does no damage.
The gargoyle barely misses you.
The orc warrior hits you from afar with a +0 glaive!
* * * LOW HITPOINT WARNING * * *
The orc warrior hits you from afar with a +0 trident!
You die...

.....## ..##.8..o.##....##
......## #.......#....##
.......## ...o.##...#...##
........#+##########.##..##
##.....##........##รท.#..##
#....##...####......#.##
##........##).##.o..####
............(.oh.9..#
..........##.(##@..##
......##...####...##
.......##.......###
........#########
.<..............#
...............##
..............##
.............##
..>.........##


You could see a warg, 2 orc warriors and a gargoyle.

Vanquished Creatures
  Erica (D:8)
  2 two-headed ogres (D:9)
  Maurice (D:9)
  Psyche (D:10)
  A troll (D:9)
  Grum (D:8)
  A steam dragon (D:7)
  13 yaks
  A warg (D:10)
  2 water moccasins
  2 sky beasts (D:8)
  14 orc warriors
  2 ice beasts
  2 black bears
  2 ogres
  3 wolves (D:8)
  5 centaurs
  2 phantoms
  2 kobold brigands
  4 bullfrogs
  A necrophage (D:6)
  A gnoll sergeant (D:8)
  A scorpion (D:7)
  13 wights
  6 killer bees (D:7)
  4 howler monkeys
  3 hounds
  A jelly (D:8)
  2 gnoll boudas
  8 orc priests
  An iguana (D:4)
  12 orc wizards
  21 gnolls
  7 adders
  8 river rats
  2 white imps (D:5)
  2 ufetubi
  6 worms
  2 dart slugs
  42 orcs
  7 ball pythons
  4 endoplasms
  4 giant cockroaches
  24 goblins
  20 hobgoblins
  12 jackals
  2 quokkas
  4 bats
  8 frilled lizards
  12 kobolds
  16 rats
318 creatures vanquished.

Vanquished Creatures (collateral kills)
  A two-headed ogre (D:8)
1 creature vanquished.

Vanquished Creatures (others)
  A water moccasin (D:7)
  An orc wizard (D:5)
  A kobold (D:7)
  7 fungi (D:10)
  9 plants (D:10)
  2 withered plants (D:5)
21 creatures vanquished.

Grand Total: 340 creatures vanquished

Notes
Turn   | Place    | Note
-------+----------+-------------------------------------------
     0 | D:1      | kipponium the Gnoll Wanderer began the quest for the Orb.
     0 | D:1      | kipponium set off with the following items: a +2 hand axe,
                  | a +0 helmet, a scroll of vulnerability, a +0 robe; and the
                  | following spell memorised: Sandblast; and the following
                  | spells available to memorise: Stone Arrow.
     0 | D:1      | Reached XP level 1. HP: 17/17 MP: 4/4
   109 | D:1      | Reached XP level 2. HP: 22/23 MP: 5/5
   559 | D:1      | Reached XP level 3. HP: 28/28 MP: 7/7
  1262 | D:2      | Reached skill level 1 in Short Blades
  1262 | D:2      | Reached skill level 1 in Long Blades
  1262 | D:2      | Reached skill level 1 in Maces & Flails
  1262 | D:2      | Reached skill level 1 in Polearms
  1262 | D:2      | Reached skill level 1 in Staves
  1262 | D:2      | Reached skill level 1 in Ranged Weapons
  1262 | D:2      | Reached skill level 1 in Throwing
  1262 | D:2      | Reached skill level 1 in Armour
  1262 | D:2      | Reached skill level 1 in Stealth
  1262 | D:2      | Reached skill level 1 in Shields
  1262 | D:2      | Reached skill level 1 in Unarmed Combat
  1440 | D:2      | Found a faded altar of an unknown god.
  1895 | D:3      | Reached XP level 4. HP: 34/34 MP: 2/8
  2007 | D:3      | Found a shimmering blue altar of Sif Muna.
  2194 | D:3      | Reached skill level 1 in Conjurations
  2194 | D:3      | Reached skill level 1 in Hexes
  2194 | D:3      | Reached skill level 1 in Summonings
  2194 | D:3      | Reached skill level 1 in Necromancy
  2194 | D:3      | Reached skill level 1 in Translocations
  2194 | D:3      | Reached skill level 1 in Transmutations
  2194 | D:3      | Reached skill level 1 in Fire Magic
  2194 | D:3      | Reached skill level 1 in Ice Magic
  2194 | D:3      | Reached skill level 1 in Air Magic
  2194 | D:3      | Reached skill level 1 in Poison Magic
  2728 | D:4      | Noticed Robin
  2734 | D:3      | Reached XP level 5. HP: 35/40 MP: 4/9
  3177 | D:4      | Found a glowing drain.
  3194 | Sewer    | Entered a sewer
  3295 | Sewer    | Reached XP level 6. HP: 29/47 MP: 4/11
  3461 | Sewer    | Reached skill level 5 in Axes
  3927 | D:4      | Robin changed into Robin the bat
  3927 | D:4      | Noticed Robin
  3929 | D:4      | Killed Robin the bat
  4162 | D:4      | Reached skill level 7 in Dodging
  4162 | D:4      | Reached XP level 7. HP: 18/52 MP: 6/12
  4614 | D:5      | Entered Level 5 of the Dungeon
  4741 | D:5      | Found a bloodstained altar of Trog.
  4918 | D:5      | Found a hide-covered altar of Uskayaw.
  5134 | D:5      | Learned a level 1 spell: Summon Small Mammal
  5200 | D:5      | Reached XP level 8. HP: 60/60 MP: 12/14
  5457 | D:5      | Found a hazy altar of Hepliaklqana.
  5564 | D:5      | Found a runed translucent door.
  5564 | D:5      | Noticed Athor's ghost (novice FoFi)
  6944 | D:6      | Found a staircase to the Ecumenical Temple.
  7000 | Temple   | Entered the Ecumenical Temple
  7135 | D:6      | Reached skill level 5 in Invocations
  7465 | D:7      | Found a flagged portal.
  7529 | Bailey   | Entered a bailey
  7534 | Bailey   | Learned a level 3 spell: Stone Arrow
  7538 | Bailey   | Learned a level 3 spell: Call Canine Familiar
  7655 | Bailey   | Reached XP level 9. HP: 38/67 MP: 2/16
  7810 | Bailey   | Reached skill level 5 in Spellcasting
  7824 | Bailey   | Reached skill level 5 in Fighting
  7824 | Bailey   | Reached skill level 5 in Evocations
  8221 | Bailey   | Reached skill level 8 in Dodging
  8325 | Bailey   | Noticed an orc warlord
  8656 | Bailey   | Identified the +0 leather armour "Eclasy" {Dex+3}
  9081 | D:7      | Found a snail-covered altar of Cheibriados.
  9215 | D:7      | Found a transporter.
  9367 | D:7      | Reached skill level 5 in Short Blades
  9367 | D:7      | Reached skill level 5 in Long Blades
  9367 | D:7      | Reached skill level 5 in Maces & Flails
  9367 | D:7      | Reached skill level 5 in Polearms
  9367 | D:7      | Reached skill level 5 in Staves
  9367 | D:7      | Reached skill level 5 in Ranged Weapons
  9367 | D:7      | Reached skill level 5 in Throwing
  9367 | D:7      | Reached skill level 5 in Armour
  9367 | D:7      | Reached skill level 5 in Stealth
  9367 | D:7      | Reached skill level 5 in Shields
  9367 | D:7      | Reached skill level 5 in Unarmed Combat
  9367 | D:7      | Reached XP level 10. HP: 36/76 MP: 5/18
  9489 | D:7      | Found a transporter.
  9622 | D:7      | You fall into a shaft and drop 1 floor!
  9824 | D:8      | Noticed a two-headed ogre
  9929 | D:7      | Acquired the ring "Xuckef Hieri" {rF+++ rN+ rCorr MP+9
                  | Str-4}
 10031 | D:7      | Learned a level 3 spell: Dazzling Flash
 10526 | D:8      | Found Muarph's Weapon Boutique.
 10607 | D:8      | Noticed Erica
 10622 | D:8      | Killed Erica
 10623 | D:8      | Reached skill level 5 in Earth Magic
 10757 | D:8      | Found a shimmering altar of Xom.
 10757 | D:8      | Found a white marble altar of Elyvilon.
 10757 | D:8      | Found a blossoming altar of Fedhas.
 11148 | D:8      | Noticed Grum
 11170 | D:8      | Killed Grum
 12104 | D:8      | Killed a two-headed ogre
 12105 | D:8      | Reached skill level 9 in Dodging
 12105 | D:8      | Reached skill level 5 in Conjurations
 12105 | D:8      | Reached skill level 5 in Hexes
 12105 | D:8      | Reached skill level 5 in Summonings
 12105 | D:8      | Reached skill level 5 in Necromancy
 12105 | D:8      | Reached skill level 5 in Translocations
 12105 | D:8      | Reached skill level 5 in Transmutations
 12105 | D:8      | Reached skill level 5 in Fire Magic
 12105 | D:8      | Reached skill level 5 in Ice Magic
 12105 | D:8      | Reached skill level 5 in Air Magic
 12105 | D:8      | Reached skill level 5 in Poison Magic
 12105 | D:8      | Reached XP level 11. HP: 80/83 MP: 11/21
 12399 | D:8      | Found an iron altar of Okawaru.
 12470 | D:8      | Identified the +6 scale mail of Spring Thaw {+Inv Int+4
                  | SInv}
 12506 | D:8      | Became a worshipper of Warmaster Okawaru
 12620 | D:9      | Noticed a two-headed ogre
 12638 | D:9      | Killed a two-headed ogre
 13357 | D:9      | HP: 6/124 [yak (6)]
 13357 | D:9      | HP: 2/124 [yak (4)]
 13362 | D:9      | Reached * piety under Okawaru
 13363 | D:9      | HP: 5/124 [yak (9)]
 13366 | D:9      | HP: 1/83 [yak (8)]
 13624 | D:9      | Noticed a two-headed ogre
 13631 | D:9      | Noticed Maurice
 13795 | D:9      | Killed Maurice
 14001 | D:9      | Killed a two-headed ogre
 14001 | D:9      | Reached ** piety under Okawaru
 14263 | D:9      | Found a sparkling altar of Nemelex Xobeh.
 14594 | D:9      | Learned a level 3 spell: Vampiric Draining
 14831 | D:10     | Entered Level 10 of the Dungeon
 14845 | D:10     | Found a staircase to the Lair.
 14861 | D:10     | Noticed Sonja
 14884 | D:10     | Noticed Psyche
 14895 | D:10     | Killed Psyche
 14895 | D:10     | Reached *** piety under Okawaru
 15053 | D:10     | Identified the +6 rapier "Raosou Coro" {heavy, +Blink Str-3
                  | Stlth+}
 15121 | D:10     | Found a portal to a secret trove of treasure.
 15203 | D:10     | Found a staircase to the Orcish Mines.
 15479 | D:10     | Slain by an orc warrior

Illustrated notes

Levels and vault maps discovered:
D:1:      kennysheep_arrival_forest, layout_basic, minmay_domino_2
D:2:      layout_basic, shapermc_ecumenical_altar_acropolis
D:3:      layout_basic, nicolae_sif_muna_condensation, corexii_hall_statues_t
D:4:      layout_basic, lightli_sewer_entry_pipes, minmay_quantized, uniq_robin
D:5:      layout_loops_ring, nicolae_uskayaw_murder_on_the_dancefloor,
          mainiacjoe_overflow_catch_the_wave, gammafunk_ghost_grave
D:6:      layout_basic, minmay_temple_entry_statues_fountains
D:7:      gammafunk_cloud_chamber, layout_gridville, cheibrodos_worm_habitat,
          enter_bailey_7, minmay_misc_feat_nine_boxes
D:8:      layout_basic, gammafunk_temple_overflow_forgotten,
          mainiacjoe_overflow_tiny_flanked, serial_shops, nicolae_stop_n_shop_2,
          uniq_grum, uniq_erica
D:9:      layout_small_grid, kennysheep_little_box, minmay_misc_feat_roman,
          dk_rats_in_the_wall, uniq_maurice
D:10:     layout_big_octagon, general_overflow_altar,
          grunt_lair_entry_orc_guard_hut, david_orc_1_choice, enter_trove_3,
          uniq_psyche, uniq_sonja
Temple:   hellmonk_temple_of_storms

Skill      XL: |  1  2  3  4  5  6  7  8  9 10 11 |
---------------+----------------------------------+-----
Earth Magic    | 2 3 4 5 6 |  6.1
Short Blades   | 1 2 3 5 6 |  6.8
Long Blades    | 1 2 3 5 6 |  6.8
Maces & Flails | 1 2 3 5 6 |  6.8
Polearms       | 1 2 3 5 6 |  6.8
Staves         | 1 2 3 5 6 |  6.8
Ranged Weapons | 1 2 3 5 6 |  6.8
Throwing       | 1 2 3 5 6 |  6.8
Armour         | 1 2 3 5 6 |  6.8
Stealth        | 1 2 3 5 6 |  6.8
Shields        | 1 2 3 5 6 |  6.8
Unarmed Combat | 1 2 3 5 6 |  6.8
Spellcasting   | 3 4 5 6 7 |  7.5
Conjurations   | 1 2 3 4 5 |  5.7
Hexes          | 1 2 3 4 5 |  5.7
Summonings     | 1 2 3 4 5 |  5.7
Necromancy     | 1 2 3 4 5 |  5.7
Translocations | 1 2 3 4 5 |  5.7
Transmutations | 1 2 3 4 5 |  5.7
Fire Magic     | 1 2 3 4 5 |  5.7
Ice Magic      | 1 2 3 4 5 |  5.7
Air Magic      | 1 2 3 4 5 |  5.7
Poison Magic   | 1 2 3 4 5 |  5.7
Invocations    | 3 4 5 6 7 8 |  8.0
Fighting       | 3 4 5 6 7 |  7.4
Evocations     | 3 4 5 6 7 |  7.4
Axes           | 5 6 7 8 |  8.3
Dodging        | 7 8 9 |  9.6

Action                   |  1- 3 |  4- 6 |  7- 9 | 10-12 || total
-------------------------+-------+-------+-------+-------++-------
Melee: Hand axe          |   133 |   250 |   440 |   350 ||  1173
       Bite              |    10 |    16 |    55 |    33 ||   114
       Punch             |     2 |       |       |       ||     2
       Rapier            |       |       |       |    18 ||    18
Throw: Dart              |       |       |       |    24 ||    24
 Cast: Sandblast         |     3 |    45 |    30 |     2 ||    80
       Summon Small Mamm |       |       |    18 |       ||    18
       Stone Arrow       |       |       |    41 |    86 ||   127
       Call Canine Famil |       |       |     2 |     4 ||     6
       Dazzling Flash    |       |       |       |    27 ||    27
       Vampiric Draining |       |       |       |     2 ||     2
Evoke: Wand              |       |     1 |       |     8 ||     9
       Lightning rod     |       |       |       |     4 ||     4
  Use: Potion            |       |     4 |     6 |    10 ||    20
       Scroll            |       |     5 |     4 |    17 ||    26
 Stab: Sleeping          |     6 |     2 |     2 |     7 ||    17
       Invisible         |       |       |     4 |    23 ||    27
       Distracted        |       |       |     5 |     2 ||     7
Armor: Robe              |    32 |       |       |       ||    32
       Leather armour    |     1 |    48 |   103 |    87 ||   239
       Skin              |       |    29 |    19 |   149 ||   197
Dodge: Dodged            |    97 |   123 |   265 |   288 ||   773
Block: Buckler           |       |    30 |    97 |   137 ||   264

Table legend: (Time is in decaauts)
 A = Elapsed time spent in this place.
 B = Non-inter-level travel time spent in this place.
 C = Inter-level travel time spent in this place.
 D = Time resting spent in this place.
 E = Time spent auto-exploring this place.
 F = Levels seen in this place.
 G = Mean time per level.
                   A        B        C        D        E       F      G
               +--------+--------+--------+--------+--------+-----+--------+
         Total |  15611 |  15070 |    541 |   4549 |   6642 |  13 | 1200.8 |
       Dungeon |  13806 |  13272 |    534 |   3860 |   6420 |  10 | 1380.6 |
        Temple |     44 |     37 |      7 |      0 |     21 |   1 |   44.0 |
         Sewer |    527 |    527 |      0 |    125 |    201 |   1 |  527.0 |
        Bailey |   1232 |   1232 |      0 |    563 |      0 |   1 | 1232.0 |
               +--------+--------+--------+--------+--------+-----+--------+

Top non-repeatable levels by time:
     D:9: 2439 daAuts
     D:8: 1961 daAuts
     D:7: 1943 daAuts
     D:6: 1613 daAuts
     D:4: 1462 daAuts
  Bailey: 1232 daAuts
     D:1: 1188 daAuts
     D:5: 1156 daAuts
     D:3: 978 daAuts
     D:2: 616 daAuts
   Sewer: 527 daAuts
    D:10: 445 daAuts
  Temple: 44 daAuts
